 Dungeon Crawl Stone Soup version 0.17.1-3-g152610e (webtiles) character file.

1651 KrozogBurug the Destroyer (level 9, -4/74 HPs)
             Began as an Ogre Wizard on Mar 1, 2016.
             Slain by a wight
             ... wielding a +2 great sword of freezing
              (17 damage)
             ... on level 6 of the Dungeon.
             The game lasted 00:28:38 (7804 turns).

KrozogBurug the Destroyer (Ogre Wizard)             Turns: 7804, Time: 00:28:38

Health: -4/74      AC:  4    Str: 16    XL:     9   Next: 0%
Magic:  15/15      EV:  9    Int: 20    God:
Gold:   201        SH:  0    Dex:  8    Spells: 5 memorised, 6 levels left

rFire  . . .     SeeInvis .     I - +10 mace "Vurphibij" {crush, rC+ rN+++ MR- Str+2}
rCold  + + .     Clarity  .     a - +0 robe
rNeg   + + +     SustAt   .     (no shield)
rPois  .         Gourm    .     b - +0 hat
rElec  .         Spirit   .     u - +0 cloak (curse)
rCorr  .         Warding  .     (gloves unavailable)
rMut   .         Stasis   .     (boots unavailable)
MR     .....                    (no amulet)
Stlth  +.........               (no ring)
                                q - ring of protection from cold

@: repel missiles, not resistant to hostile enchantments, very unstealthy
A: unfitting armour, tough skin 1
a: no special abilities


You were on level 6 of the Dungeon.
You were not hungry.

You visited 1 branch of the dungeon, and saw 6 of its levels.

You collected 201 gold pieces.

Inventory:

Hand Weapons
 t - a +2 quarterstaff of chaos
 y - a +3 glaive
 D - a cursed +0 giant club
 I - the +10 mace "Vurphibij" (weapon) {crush, rC+ rN+++ MR- Str+2}
   (You found it on level 6 of the Dungeon)

   It inflicts extra damage upon your enemies.
   It affects your strength (+2).
   It protects you from cold.
   It renders you almost immune to negative energy.
   It affects your resistance to hostile enchantments.
Missiles
 J - 6 javelins (quivered)
Armour
 a - a +0 robe (worn)
 b - a +0 hat (worn)
 u - a cursed +0 cloak (worn)
Jewellery
 q - a ring of protection from cold (left hand)
Wands
 h - a wand of magic darts (23)
 r - a wand of slowing (14)
Scrolls
 e - 2 scrolls of recharging {unknown}
 g - 2 scrolls of immolation
 i - 2 scrolls of teleportation
 k - 3 scrolls of blinking
 n - 3 scrolls of enchant armour
 p - 2 scrolls of remove curse
 x - 2 scrolls of amnesia {unknown}
 z - a scroll of enchant weapon {unknown}
 A - 2 scrolls of fear
 B - 2 scrolls of identify
 H - a scroll of vulnerability {unknown}
Potions
 j - 3 potions of curing
 l - a potion of ambrosia {unknown}
 v - a potion of heal wounds {unknown}
 w - 3 potions of flight
 C - a potion of agility {unknown}
 E - a potion of haste {unknown}
 F - a potion of might {unknown}
 G - a potion of resistance {unknown}
Books
 c - a book of Minor Magic

   Spells                             Type                      Level
   a - Magic Dart                     Conjuration                  1
   b - Blink                          Translocation                2
   c - Call Imp                       Summoning                    2
   d - Repel Missiles                 Charms/Air                   2
   e - Slow                           Hexes                        2
   f - Conjure Flame                  Conjuration/Fire             3
   g - Mephitic Cloud                 Conjuration/Poison/Air       3
Comestibles
 d - 7 bread rations
 f - 3 royal jellies
 m - 8 meat rations
 o - 3 beef jerkies
 s - 3 fruits


   Skills:
 - Level 1.7 Dodging
 - Level 1.5 Stealth
 + Level 4.6 Spellcasting
 + Level 8.3 Conjurations
   Level 0.6 Summonings
 - Level 0.6 Translocations


You had 6 spell levels left.
You knew the following spells:

 Your Spells              Type           Power        Failure   Level  Hunger
a - Magic Dart            Conj           ####         1%          1    None
b - Blink                 Tloc           N/A          17%         2    #......
c - Mephitic Cloud        Conj/Pois/Air  ###.....     14%         3    ##.....
d - Conjure Flame         Conj/Fire      ###.....     10%         3    ##.....
e - Repel Missiles        Chrm/Air       #.....       21%         2    #......


Dungeon Overview and Level Annotations

Branches:
Dungeon (6/15)
 Temple: D:4-7

Altars:
Ashenzari
Elyvilon
Ru
Sif Muna
Xom
Zin
The Shining One


Innate Abilities, Weirdness & Mutations

You are too large for most types of armour.
You have tough skin (AC +1).


Message History

The wight is heavily damaged.
The wight barely misses you.
The wight hits you with a great sword of freezing!
The wight hits you from afar with a spear of freezing!
* * * LOW HITPOINT WARNING * * *
Casting: Magic Dart
Confirm with . or Enter, or press ? or * to list all spells.
Aiming: Magic Dart
Press: ? - help, Shift-Dir - straight line, f/p - wight
Aim: a wight, wielding a great sword of freezing and wearing a glowing robe (heavily damaged)
The magic dart hits the wight.
The wight is severely damaged.
The wight hits you with a great sword of freezing!
* * * LOW HITPOINT WARNING * * *
The wight freezes you.
* * * LOW HITPOINT WARNING * * *
The wight hits you but does no damage.
All of the chunks of flesh in your inventory have rotted away.
The wight hits you with a great sword of freezing!
You die...

#### ############### ...#
#.............####### ...#
#####...................### ...#
#..........................
..#####..........................
..##...........##)....##.........
..##...........##.....##.........
................@#######.........
..##...........#z## #...........
####...........#..# #........###
..##...........##z# #........###
..##...........##.####...........
..##..#.#......##z.............#.
..)..........zz..................
..##.#.#.#.##.......(........#...
..###..............#####.....#.#.


You could see 3 wights.

Vanquished Creatures
  Sigmund (D:3)
  2 ogres
  A phantom (D:4)
  2 centaurs (D:5)
  Blork the orc (D:3)
  2 giant frogs (D:6)
  A scorpion (D:5)
  A giant frog zombie (D:5)
  A wight (D:6)
  Crazy Yiuf (D:3)
  4 hounds
  3 orc priests
  An iguana (D:4)
  5 orc wizards
  8 worker ants
  2 hound skeletons (D:4)
  3 gnolls (D:4)
  8 adders
  An ooze (D:1)
  5 giant geckos
  9 orcs
  A ball python (D:4)
  2 giant cockroaches
  8 goblins
  4 hobgoblins
  14 jackals
  9 kobolds
  A quokka (D:4)
  11 bats
  A giant gecko skeleton (D:6)
  4 giant newts
  A jackal skeleton (D:4)
  A quokka skeleton (D:4)
  5 rats
124 creatures vanquished.

Vanquished Creatures (others)
  A hound (D:6)
  An adder (D:6)
  A giant gecko (D:6)
3 creatures vanquished.

Grand Total: 127 creatures vanquished

Notes
Turn   | Place    | Note
--------------------------------------------------------------
     0 | D:1      | KrozogBurug the Ogre Wizard began the quest for the Orb.
     0 | D:1      | Reached XP level 1. HP: 16/16 MP: 5/5
   261 | D:1      | Reached skill level 1 in Conjurations
   357 | D:1      | Reached XP level 2. HP: 13/24 MP: 2/6
   398 | D:1      | Learned a level 2 spell: Blink
  1025 | D:1      | Reached XP level 3. HP: 21/31 MP: 0/8
  1030 | D:1      | Learned a level 3 spell: Mephitic Cloud
  1034 | D:1      | Learned a level 3 spell: Conjure Flame
  1780 | D:2      | Found a shattered altar of Ashenzari.
  1972 | D:2      | Found a white marble altar of Elyvilon.
  2120 | D:2      | Reached XP level 4. HP: 28/39 MP: 5/9
  2589 | D:3      | Noticed Crazy Yiuf
  2603 | D:3      | Killed Crazy Yiuf
  2654 | D:3      | Found a sacrificial altar of Ru.
  2654 | D:3      | Noticed Sigmund
  2807 | D:3      | Found a glowing golden altar of the Shining One.
  2909 | D:3      | Killed Sigmund
  2909 | D:3      | Reached skill level 4 in Conjurations
  2909 | D:3      | Reached XP level 5. HP: 45/45 MP: 7/10
  2909 | D:3      | Reached XP level 6. HP: 53/53 MP: 7/11
  2960 | D:3      | Learned a level 2 spell: Repel Missiles
  3043 | D:3      | Noticed Blork the orc
  3054 | D:3      | Killed Blork the orc
  3123 | D:3      | Found a deep blue altar of Sif Muna.
  3195 | D:3      | Reached skill level 5 in Conjurations
  3773 | D:4      | Reached XP level 7. HP: 10/59 MP: 7/12
  4407 | D:4      | Reached skill level 6 in Conjurations
  4729 | D:4      | Found a shimmering altar of Xom.
  5361 | D:5      | Entered Level 5 of the Dungeon
  5418 | D:5      | Reached XP level 8. HP: 56/67 MP: 11/13
  5868 | D:5      | Reached skill level 7 in Conjurations
  6247 | D:5      | Found a glowing silver altar of Zin.
  7146 | D:6      | Reached skill level 8 in Conjurations
  7465 | D:6      | Got a sapphire mace
  7466 | D:6      | Identified the +10 mace "Vurphibij" {crush, rC+ rN+++ MR- Str+2} (You found it on level 6 of the Dungeon)
  7779 | D:6      | Reached XP level 9. HP: 74/74 MP: 13/15
  7804 | D:6      | Slain by a wight

Action                   |  1- 3 |  4- 6 |  7- 9 || total
-------------------------+-------+-------+-------++-------
Melee: Unarmed           |    79 |    23 |       ||   102
       Quarterstaff      |       |    12 |       ||    12
       Glaive            |       |    35 |   151 ||   186
       Mace              |       |       |    19 ||    19
 Cast: Magic Dart        |    80 |    53 |   105 ||   238
       Mephitic Cloud    |       |     2 |     6 ||     8
       Blink             |       |     3 |       ||     3
       Repel Missiles    |       |       |     2 ||     2
       Conjure Flame     |       |       |     1 ||     1
  Use: Scroll            |     2 |     4 |     2 ||     8
 Stab: Sleeping          |       |     1 |     3 ||     4
       Confused          |       |       |     1 ||     1
  Eat: Chunk             |     4 |     4 |    13 ||    21
       Fruit             |       |     1 |     1 ||     2
